 Dungeon Crawl Stone Soup version 0.28.0-53-g5a82cb258f (webtiles) character file.

Game seed: 6512608033100717714

387 Gabide the Insei (level 6, -1/34 HPs)
             Began as a Vine Stalker Monk on June 7, 2022.
             Succumbed to Edmund's poison
             ... on level 4 of the Dungeon.
             The game lasted 00:07:38 (3462 turns).

Gabide the Insei (Vine Stalker Monk)                Turns: 3462, Time: 00:07:38

Health: -1/34      AC:  6    Str: 14    XL:     6   Next: 78%
Magic:  3/7        EV: 12    Int: 10    God:
Gold:   197        SH:  0    Dex: 18    Spells: 5/5 levels left

rFire   + . .      SeeInvis .     - Unarmed
rCold   + . .      Faith    .   (no shield)
rNeg    + . .      Spirit   +   f - +0 ring mail
rPois   +          Reflect  .   (no helmet)
rElec   +          Harm     .   (no cloak)
rCorr   +          Rampage  .   g - +0 pair of gloves
Will    .....                   (no boots)
Stlth   ++........              (no amulet)
HPRegen 0.91/turn               d - ring of positive energy
MPRegen 0.10/turn               (no ring)

@: lethally poisoned (-1 -> -11), resistant
A: fangs 2, regeneration 1, magic shield, antimagic bite, no potion heal 2
a: no special abilities


You were on level 4 of the Dungeon.
You visited 1 branch of the dungeon, and saw 6 of its levels.
You also visited: Ossuary.

You collected 197 gold pieces.

Inventory:

Missiles
 b - an atropa-tipped dart (quivered)
Armour
 f - a +0 ring mail (worn)
 g - a +0 pair of gloves (worn)
Jewellery
 d - a ring of positive energy (left hand)
Scrolls
 a - 5 scrolls of teleportation
 c - a scroll of vulnerability
 e - 4 scrolls of immolation
 i - a scroll of acquirement {unknown}
 j - a scroll of summoning {unknown}
 n - 2 scrolls of enchant weapon {unknown}
 o - a scroll of magic mapping {unknown}
Potions
 h - 3 potions of haste
 k - a potion of resistance
 l - a potion of mutation {unknown}
 m - a potion of brilliance {unknown}
 p - a potion of magic {unknown}
 q - a potion of attraction {unknown}


   Skills:
 + Level 4.4 Fighting
 + Level 4.0 Dodging
 - Level 2.4 Stealth
 + Level 4.8 Unarmed Combat


You had 5 spell levels left.
You didn't know any spells.
Your spell library contained the following spells:

 Spells                   Type           Power      Damage    Failure   Level
 Ozocubu's Armour         Ice            0%         N/A       93%         3
 Ozocubu's Refrigeration  Ice            0%         4d5       100%        7


Dungeon Overview and Level Annotations

Branches:
Dungeon (6/15)            Ossuary (visited)
 Temple: D:4-7

Altars:
Xom

Annotations:
D:4 Edmund


Innate Abilities, Weirdness & Mutations

You have extremely sharp teeth.
Your natural rate of healing is unusually fast.
When hurt, damage is shared between your health and your magic reserves.
Your bite disrupts and absorbs the magic of your enemies.
Potions cannot restore your health.


Message History

There is a stone staircase leading down here.
Edmund gestures with his flail.
You start to feel less resistant.
There is a stone staircase leading down here.
Your resistance to elements expires.
You closely miss Edmund. You punch Edmund, but do no damage.
Your bite misses Edmund.
Edmund is lightly wounded.
Edmund hits you with a +2 dire flail of venom!
You are poisoned.
You hit Edmund but do no damage. Your bite misses Edmund.
Edmund is lightly wounded.
You feel very sick.
Edmund hits you with a +2 dire flail of venom!
You are lethally poisoned!
You are too injured to fight recklessly!
You are too injured to fight recklessly!
You are too injured to fight recklessly!
You are too injured to fight recklessly!
You are too injured to fight recklessly!
You are too injured to fight recklessly!
You are too injured to fight recklessly!
You are too injured to fight recklessly!
You are too injured to fight recklessly!
You are too injured to fight recklessly!
You are too injured to fight recklessly!
You are too injured to fight recklessly!
You are too injured to fight recklessly!
You are too injured to fight recklessly!
You are too injured to fight recklessly!
You are too injured to fight recklessly!
* * * LOW HITPOINT WARNING * * *
You feel extremely sick.
* * * LOW HITPOINT WARNING * * *
You feel very sick.
Okay, then.
* * * LOW HITPOINT WARNING * * *
You feel very sick.
You feel protected.
You die...

##.#..................##
######...#.....##........
#...#.....#>....#........
#...#...###..............
##.....## #..............
#..###.## ##.............
#[.###..###..............
#..##..@#................
#.......@...........##...
##....................##.
##.....#..................
####..##..#..................
#..#...#.....................
#......##.#........#.........
#.....###........###.........
###...#....##...........##...
#.........#.....##.|.......


You could see Edmund.

Vanquished Creatures
  A scorpion (D:3)
  A centaur zombie (Ossuary)
  A centaur skeleton (D:3)
  A bullfrog zombie (D:4)
  A human zombie (Ossuary)
  A bullfrog skeleton (D:4)
  6 mummies
  2 adders
  An adder skeleton (D:4)
  A worm (D:2)
  2 dart slugs (D:3)
  7 ball pythons
  7 endoplasms
  2 giant cockroaches
  2 gnoll zombies (Ossuary)
  13 goblins
  A hobgoblin (D:1)
  3 jackals (D:2)
  4 quokkas
  3 bats (D:1)
  3 frilled lizards
  A goblin zombie (Ossuary)
  8 kobolds
  2 kobold zombies (Ossuary)
  An orc zombie (Ossuary)
  6 rats
81 creatures vanquished.

Notes
Turn   | Place    | Note
-------+----------+-------------------------------------------
     0 | D:1      | Gabide the Vine Stalker Monk began the quest for the Orb.
     0 | D:1      | Reached XP level 1. HP: 11/11 MP: 2/2
   115 | D:1      | Reached XP level 2. HP: 16/16 MP: 3/3
   144 | D:1      | Found a faded altar of an unknown god.
   952 | D:1      | Reached XP level 3. HP: 20/20 MP: 4/4
  2322 | D:3      | Gained mutation: Your natural rate of healing is unusually
                  | fast. [Vine Stalker growth]
  2322 | D:3      | Reached XP level 4. HP: 24/24 MP: 5/5
  2675 | D:4      | You fall into a shaft and drop 2 floors!
  2681 | D:5      | Entered Level 5 of the Dungeon
  2739 | D:4      | Found a sand-covered staircase.
  2745 | D:4      | Reached XP level 5. HP: 17/29 MP: 6/6
  2759 | Ossuary  | Entered an ossuary
  3021 | Ossuary  | Reached XP level 6. HP: 33/33 MP: 5/7
  3107 | D:4      | Noticed Edmund
  3302 | D:4      | Found a shimmering altar of Xom.
  3462 | D:4      | Succumbed to Edmund's poison

Illustrated notes

Levels and vault maps discovered:
D:1:      co_arrival_square_in_a_square_in_a_square, layout_basic,
          ebering_ecumenical_altar_webs
D:2:      layout_rooms, roderic_lattice_a, ebering_dispersal_statue_hall
D:3:      layout_rooms
D:4:      layout_cave_pools, dk_xom_monty_hall, biasface_ghost_orc_armoury,
          gup_ossuary_entry_pyramid, uniq_edmund
D:5:      layout_gridville, mainiacjoe_overflow_small_starburst,
          okawaru_ov_weapons_minmay, uniq_sigmund
D:6:      layout_loops_ring, nicolae_shop_firing_range

Skill      XL: |  1  2  3  4  5  6 |
---------------+-------------------+-----
Fighting       | 3 4 |  4.4
Dodging        | 3 4 |  4.0
Unarmed Combat | 4 |  4.8
Stealth        | |  2.4

Action                   |  1- 3 |  4- 6 || total
-------------------------+-------+-------++-------
Melee: Unarmed           |   102 |   180 ||   282
       Bite              |    18 |    73 ||    91
       Punch             |     2 |     6 ||     8
Throw: Dart              |     2 |     5 ||     7
  Use: Scroll            |       |     4 ||     4
       Potion            |       |     2 ||     2
 Stab: Sleeping          |     2 |     3 ||     5
       Invisible         |     1 |       ||     1
       Distracted        |       |     2 ||     2
Armor: Robe              |    14 |       ||    14
       Ring mail         |     6 |    44 ||    50
Dodge: Dodged            |    64 |    95 ||   159
